 Dungeon Crawl Stone Soup version 0.22-a0-223-g0f5d773 (webtiles) character file.

178 galech the Skirmisher (level 5, -3/57 HPs)
             Began as an Ogre Berserker on Feb 18, 2018.
             Was a Believer of Trog.
             Slain by an orc wizard
             ... wielding a cursed -1 dagger
              (5 damage)
             ... on level 3 of the Dungeon.
             The game lasted 00:03:37 (2277 turns).

galech the Skirmisher (Ogre Berserker)              Turns: 2277, Time: 00:03:38

Health: -3/57      AC:  3    Str: 22    XL:     5   Next: 58%
Magic:  5/5        EV: 10    Int:  8    God:    Trog [**....]
Gold:   86         SH:  0    Dex:  8    Spells: 4/4 levels left

rFire    x . .     SeeInvis .   o - +0 flail
rCold    + . .     Gourm    .   (no shield)
rNeg     . . .     Faith    .   b - +0 animal skin
rPois    .         Spirit   .   (helmet restricted)
rElec    .         Reflect  .   (no cloak)
rCorr    .         Harm     .   (gloves unavailable)
MR       .....                  (boots unavailable)
Stlth    +.........             (no amulet)
HPRegen  0.19/turn              h - ring of ice
MPRegen  0.09/turn              (no ring)

@: no status effects
A: large, unfitting armour, tough skin 1
a: Berserk, Trog's Hand, Renounce Religion


You were on level 3 of the Dungeon.
You worshipped Trog.
Trog was pleased with you.
You were hungry.

You visited 1 branch of the dungeon, and saw 3 of its levels.

You collected 86 gold pieces.

Inventory:

Hand Weapons
 a - a +0 mace
 o - a +0 flail (weapon)
Armour
 b - a +0 animal skin (worn)
Jewellery
 h - a ring of ice (left hand)
Scrolls
 d - a scroll of magic mapping {unknown}
 k - a scroll of amnesia {unknown}
 m - 2 scrolls of identify {unknown}
Potions
 e - 2 potions of lignification {unknown}
 f - 2 potions of curing
 g - a potion of agility {unknown}
 i - a potion of flight {unknown}
 j - a potion of haste {unknown}
 l - a potion of heal wounds {unknown}
Comestibles
 c - 5 rations
 n - 2 chunks of flesh


   Skills:
 + Level 5.3 Fighting
 + Level 4.2 Maces & Flails
 + Level 3.4 Dodging
 + Level 0.5 Stealth


You had 4 spell levels left.
You didn't know any spells.

Dungeon Overview and Level Annotations

Branches:
Dungeon (3/15)

Altars:
Fedhas


Innate Abilities, Weirdness & Mutations

You are too large for most types of armour.
You have tough skin. (AC +1)


Message History

* * * LOW HITPOINT WARNING * * *
You feel the effects of Trog's Hand fading.
Something hits you but does no damage.
Found a twisted opal ring.
You barely miss something. Something hits you.
* * * LOW HITPOINT WARNING * * *
Something hits you but does no damage.
You miss something. Something hits you.
* * * LOW HITPOINT WARNING * * *
You barely miss something.
Something hits you but does no damage. x2
You hit something. Something hits you.
* * * LOW HITPOINT WARNING * * *
Something completely misses you.
You barely miss something.
Your skin stops crawling.
You feel less resistant to hostile enchantments.
Something hits you.
* * * LOW HITPOINT WARNING * * *
Something hits you.
You die...

#..........#
#..........# .
#..........###### ..
###........'..... #..
#........###### #..=
#.............. #....
#..............
#.....########..........
#......@)..........[....
#.......)...............
#................#######
#.....############
######


There were no monsters in sight!

Vanquished Creatures
  2 orc priests (D:3)
  Robin (D:3)
  3 adders
  An ooze (D:2)
  A worm (D:3)
  2 dart slugs
  3 leopard geckos
  7 orcs (D:3)
  4 bats
  A giant cockroach (D:3)
  7 hobgoblins
  3 jackals (D:1)
  6 kobolds
  A quokka (D:2)
  2 frilled lizards
  13 goblins
  4 rats
61 creatures vanquished.

Notes
Turn   | Place    | Note
-------+----------+-------------------------------------------
     0 | D:1      | galech the Ogre Berserker began the quest for the Orb.
     0 | D:1      | Reached XP level 1. HP: 24/24 MP: 1/1
   328 | D:1      | Reached XP level 2. HP: 30/32 MP: 2/2
  1155 | D:2      | Reached XP level 3. HP: 40/40 MP: 3/3
  1201 | D:2      | Found a blossoming altar of Fedhas.
  1408 | D:2      | Reached ** piety under Trog
  1460 | D:2      | Reached XP level 4. HP: 35/49 MP: 4/4
  1681 | D:3      | Reached skill level 5 in Fighting
  1690 | D:3      | Noticed Robin
  1719 | D:3      | Killed Robin
  1972 | D:3      | Reached XP level 5. HP: 49/57 MP: 5/5
  2037 | D:3      | Found a faded altar of an unknown god.
  2277 | D:3      | HP: 2/57 [something (4)]
  2277 | D:3      | Slain by an orc wizard

Vault maps used:
D:1:      minmay_arrival_open_corners, minmay_misc_feat_five
D:2:      lemuel_crystal_altar, first_ration
D:3:      corexii_shack_village, grunt_gozag_breadcrumbs,
          chequers_ecumenical_altar_simple, uniq_robin

Skill      XL: |  1  2  3  4  5 |
---------------+----------------+-----
Maces & Flails | 3 4 |  4.2
Dodging        | 3 |  3.4
Fighting       | 5 |  5.3
Stealth        | |  0.5

Action                   |  1- 3 |  4- 6 || total
-------------------------+-------+-------++-------
Melee: Mace              |    87 |    53 ||   140
       Flail             |       |    52 ||    52
Invok: Berserk           |       |     1 ||     1
       Trog's Hand       |       |     1 ||     1
  Eat: Chunk             |     2 |     3 ||     5
Armor: Animal skin       |    25 |    31 ||    56
Dodge: Dodged            |    43 |    62 ||   105

Table legend:
 A = Spawn XP
 B = Non-spawn XP
 C = Spawn XP percentage of total XP
 D = Spawn monster count
 E = Non-spawn monster count
 F = Spawn count percentage of total count
 G = Total turns spent on level
                    A         B        C        D         E        F      G
               +---------+---------+-------+---------+---------+-------+---------
         Total |       0 |     255 |   0.0 |       0 |      61 |   0.0 |  2277
               +---------+---------+-------+---------+---------+-------+---------
           D:1 |       0 |      29 |   0.0 |       0 |      16 |   0.0 |  1108
           D:2 |       0 |      56 |   0.0 |       0 |      16 |   0.0 |   555
           D:3 |       0 |     170 |   0.0 |       0 |      29 |   0.0 |   614
               +---------+---------+-------+---------+---------+-------+---------
